 Dungeon Crawl Stone Soup version 0.32-a0-520-g344ed53f66 (webtiles) character file.

Game seed: 5618294725800303831

16 ezpacito the Trooper (level 2, -1/24 HPs)
             Began as a Demonspawn Chaos Knight on Feb 27, 2024.
             Was a Plaything of Xom.
             Succumbed to a water moccasin's poison
             ... on level 1 of the Dungeon.
             The game lasted 00:00:37 (317 turns).

ezpacito the Trooper (Demonspawn Chaos Knight)       Turns: 317, Time: 00:00:38

Health: -1/24      AC:  5    Str: 12    XL:     2   Next: 41%
Magic:  2/2        EV: 11    Int: 12    God:    Xom [..*...]
Gold:   10         SH:  0    Dex: 12    Spells: 1/1 levels left

rFire   . . .        a - +0 hand axe (chaos)
rCold   . . .        (no shield)
rNeg    . . .        b - +2 leather armour
rPois   .            (no helmet)
rElec   .            (no cloak)
rCorr   .            (no gloves)
SInv    .            (no boots)
Will    .....        (no amulet)
Stlth   +            (no ring)
HPRegen 0.24/turn    (no ring)
MPRegen 0.08/turn

%: clarity
@: lethally poisoned (-1 -> -9), hasted, wreathed by umbra, invisible, very
quick
A: foul shadow 1, clarity, MP-powered wands, devolution 1
a: Renounce Religion


You were on level 1 of the Dungeon.
You worshipped Xom.
You were a toy of Xom.
You visited 1 branch of the dungeon, and saw 1 of its levels.

You collected 10 gold pieces.

Inventory:

Hand Weapons
 a - a +0 hand axe of chaos (weapon)
Armour
 b - a +2 leather armour (worn)
Scrolls
 c - a scroll of butterflies
 e - a scroll of amnesia {unknown}
 f - a scroll of noise {unknown}
 i - a scroll of identify {unknown}
 j - a scroll of enchant armour {unknown}
Potions
 g - a potion of haste


   Skills:
 * Level 3.1 Fighting
 * Level 2.8 Axes
 + Level 0.1(1.7) Polearms
 * Level 2.0 Armour
 * Level 1.0 Dodging
 + Level 0.0 Stealth
 * Level 0.6 Unarmed Combat
 * Level 0.1 Spellcasting


You had one spell level left.
You didn't know any spells.
Your spell library contained the following spells:

 Spells                   Type           Power      Damage    Failure   Level
 Ignite Poison            Fire/Alch      0%         N/A       99%         4
 Sticky Flame             Fire/Alch      0%         2d4       99%         4
 Ignition                 Fire           0%         3d3       100%        8


Dungeon Overview and Level Annotations

Branches:
Dungeon (1/15)

Altars:


Innate Abilities, Weirdness & Mutations

You are faintly shadowed, very rarely releasing foul flame when damaged in melee.
You possess an exceptional clarity of mind.
You expend magic power (3 MP) to strengthen your wands.
You have hidden genetic defects.


Message History

You hit the water moccasin.
The water moccasin suddenly seems more resistant.
The water moccasin is moderately wounded.
You feel very sick. The water moccasin misses you.
You barely miss the water moccasin.
The water moccasin is moderately wounded.
You feel sick. The water moccasin bites you. x2
You are lethally poisoned!
The water moccasin poisons you!
You are too injured to fight recklessly!
You are too injured to fight recklessly!
You are too injured to fight recklessly!
There is a lethal amount of poison in your body!
There is a lethal amount of poison in your body!
You are too injured to fight recklessly!
It was a potion of mutation.
You feel extremely strange.
You feel clumsy.
You feel agile.
* * * LOW HITPOINT WARNING * * *
You feel very sick. The water moccasin barely misses you.
Okay, then.
It was a potion of haste.
You feel yourself speed up.
Xom roars with laughter!
* * * LOW HITPOINT WARNING * * *
You feel very sick.
The water moccasin bites you but does no damage. x2
It was a potion of invisibility.
You fade into invisibility!
* * * LOW HITPOINT WARNING * * *
You feel sick. The water moccasin closely misses you.
Okay, then.
Okay, then.
Unknown command.
You feel extremely strange.
You feel a hidden malignance growing inside you.
Your thoughts seem clearer.
You feel your magical essence link to the dungeon's wands.
You die...
Xom howls with laughter!

### ########..#
#.........#
#.........#
#.........#
#......$..#
#....S....# ###
#....@....# ..
#........$# #.
#.........#
..####.##.........#
.................##
....
...###..###....#...
....
........###.##.####.
... .........##.# .#
. .. #.........#.#
.## ##.#


You could see a water moccasin (resistant, unable to see you).

Vanquished Creatures
  A ball python (D:1)
  3 endoplasms (D:1)
  3 goblins (D:1)
  A quokka (D:1)
  2 bats (D:1)
  2 kobolds (D:1)
  3 rats (D:1)
15 creatures vanquished.

Notes
Turn   | Place    | Note
-------+----------+-------------------------------------------
     0 | D:1      | ezpacito the Demonspawn Chaos Knight began the quest for
                  | the Orb.
     0 | D:1      | Reached XP level 1. HP: 18/18 MP: 1/1
   154 | D:1      | XOM: silly message
   164 | D:1      | Reached skill level 1 in Dodging
   177 | D:1      | Gained mutation: You are faintly shadowed, very rarely
                  | releasing foul flame when damaged in melee. [demonic
                  | ancestry]
   177 | D:1      | Reached XP level 2. HP: 23/24 MP: 2/2
   215 | D:1      | XOM: divination: detect items
   265 | D:1      | XOM: smoke on damage
   310 | D:1      | a frilled lizard changed into a water moccasin
   310 | D:1      | Noticed a water moccasin
   310 | D:1      | XOM: polymorph frilled lizard -> water moccasin
   314 | D:1      | Gained mutation: You are clumsy. (Dex -2) [potion of
                  | mutation]
   314 | D:1      | Lost mutation: You are clumsy. (Dex -2) [potion of
                  | mutation]
   316 | D:1      | HP: 1/24 [poisoned by a water moccasin]
   317 | D:1      | Gained mutation: You have hidden genetic defects. [potion
                  | of mutation]
   317 | D:1      | Gained mutation: You possess an exceptional clarity of
                  | mind. [potion of mutation]
   317 | D:1      | Gained mutation: You expend magic power (3 MP) to
                  | strengthen your wands. [potion of mutation]
   317 | D:1      | Succumbed to a water moccasin's poison

Illustrated notes

Levels and vault maps discovered:
D:1:      dpeg_arrival_lava_altar, layout_rooms

Skill      XL: |  1  2 |
---------------+-------+-----
Dodging        | 1 |  1.0
Armour         | 2 |  2.0
Fighting       | |  3.1
Axes           | |  2.8
Polearms       | |  0.1
Unarmed Combat | |  0.6
Spellcasting   | |  0.1

Action                     || total
---------------------------++-------
  Melee: Hand axe          ||    42
    Use: Potion            ||     4
 Armour: Leather armour    ||    30
  Dodge: Dodged            ||    26

Table legend: (Time is in decaauts)
 A = Elapsed time spent in this place.
 B = Non-inter-level travel time spent in this place.
 C = Inter-level travel time spent in this place.
 D = Time resting spent in this place.
 E = Time spent auto-exploring this place.
 F = Levels seen in this place.
 G = Mean time per level.
                   A        B        C        D        E       F      G
               +--------+--------+--------+--------+--------+-----+--------+
         Total |    323 |    323 |      0 |      0 |    211 |   1 |  323.0 |
       Dungeon |    323 |    323 |      0 |      0 |    211 |   1 |  323.0 |
               +--------+--------+--------+--------+--------+-----+--------+

Top non-repeatable levels by time:
     D:1: 323 daAuts
